 Dungeon Sprint DCSS version 0.19.1 (webtiles) character file.

15300000 Larett the Axe Maniac (level 27, -18/273 HPs)
             Began as a Centaur Warper on Nov 26, 2016.
             Was the Champion of Makhleb.
             Killed from afar by a scourge (57 damage)
             ... with a poison arrow
             ... in the Dungeon (Sprint VIII: "Arena of Blood").
             The game lasted 00:08:16 (153 turns).

Larett the Axe Maniac (Centaur Warper)               Turns: 153, Time: 00:08:16

Health: -18/273    AC:  7    Str: 18    XL:     27
Magic:  31/54      EV: 29    Int: 12    God:    Makhleb [******]
Gold:   0          SH:  0    Dex: 18    Spells: 0 memorised, 80 levels left

rFire  + . .     SeeInvis +     l - +∞ Axe of Woe
rCold  . . .     Gourm    .     b - +0 leather armour
rNeg   . . .     Faith    .     (shield currently unavailable)
rPois  .         Spirit   .     (no helmet)
rElec  .         Reflect  .     (no cloak)
rCorr  .         Harm     .     (no gloves)
MR     ++...     NoTele   +     (no barding)
Stlth  +++++++++.               (no amulet)
                                d - ring of see invisible
                                m - ring of protection from fire

@: lethally poisoned (-18 -> -46), very slightly contaminated, drained, very
quick
A: hooves 3, deformed body, speed 2, tough skin 3
a: Minor Destruction, Lesser Servant of Makhleb, Major Destruction, Greater
Servant of Makhleb, Renounce Religion


You were in the Dungeon.
You worshipped Makhleb.
Makhleb was exalted by your worship.
You were not hungry.

You visited 1 branch

Inventory:

Hand Weapons
 a - a +0 hand axe
 l - the +∞ Axe of Woe (weapon)
   (You found it in the Dungeon)
Missiles
 e - 5 tomahawks of dispersal (quivered)
Armour
 b - a +0 leather armour (worn)
Jewellery
 d - a ring of see invisible (right hand)
 m - a ring of protection from fire (left hand)
Potions
 g - a potion of curing
 h - a potion of heal wounds
 j - 2 potions of magic
 k - a potion of berserk rage
Books
 c - a book of Spatial Translocations

   Spells                             Type                      Level
   a - Blink                          Translocation                2
   b - Shroud of Golubria             Charms/Translocation         2
   c - Lesser Beckoning               Translocation                3
   d - Portal Projectile              Translocation                3
   e - Teleport Other                 Translocation                3
   f - Passage of Golubria            Translocation                4
Comestibles
 f - a bread ration


   Skills:
 O Level 27(25.5) Fighting
 O Level 27(25.5) Axes
 O Level 27(25.5) Throwing
 O Level 27(25.5) Armour
 O Level 27(25.5) Dodging
 O Level 27(25.5) Stealth
 O Level 27(25.5) Unarmed Combat
 O Level 27(25.5) Spellcasting
   Level 2.6(1.8) Translocations
 O Level 27(25.5) Invocations


You had 80 spell levels left.
You didn't know any spells.

Dungeon Overview and Level Annotations

Branches:
Dungeon (1/1)

Altars:
Makhleb


Innate Abilities, Weirdness & Mutations

You have hooves in place of feet.
Armour fits poorly on your strangely shaped body.
You cover ground very quickly.
You have extremely tough skin. (AC +3)


Message History

* * * LOW HITPOINT WARNING * * *
A skeletal warrior and a lich come into view.
Unknown command.
Press < or > to pray at altars.
A demon appears!
You feel sick.
The meat berserker hits your blizzard demon with a +9 battleaxe!
You hear a shout! x2
The accursed points at you and mumbles some strange words.
Something smites you!
* * * LOW HITPOINT WARNING * * *
Your blizzard demon gestures at the meat berserker.
The bolt of cold hits the meat berserker.
The wretched soul is engulfed in roaring flames.
You hear a shout!
The meat berserker hits your blizzard demon with a +9 battleaxe!!!
Your blizzard demon dies!
The scourge throws poison arrow at you. The poison arrow hits you!
You are more poisoned.
You die...

#.o.x.XXX......o....Xo......
o..M#.o.......MxoX2oG22.oo..
o.oxo#%.......#ooo.oO2#....
x.o.....#X..x.#.Co....#2..
x....#.%....###ozoOG.o###.
#.W....%....)..WW###So%...
##...x...#...§.zo1§§zoo...
.#..M.)#)....X.#2§§W§#W...
).# #oO§)......#cW§§§#....
.##...)#)......#§§§x.# .O.
#).......#...G..p.o2OOO..
#.............OOo###Do.%..
..........x.###.2o. o.###.
............. #.M.. ..#
.............o#po.. 2#
.....#..o.....oW.L. ..
....#.#.#


You could see 2 accurseds, 3 meat beasts, a tyrant, a reaper, an eight-headed
meat hydra, a scourge, 2 fleshlords, 3 sculptors of flesh, a large bag of meat
(inner flame), a large abomination, 4 wretched souls, a dread, 5 meat
berserkers, a small abomination, 18 bags of meat, a crawling corpse and a
friendly Executioner.

Vanquished Creatures
  7 hell beasts (D)
  3 greater mummies (D)
  3 great orbs of eyes (D)
  3 wraiths (D)
  Harold (D)
  11 vampire knights (D)
  32 ogres (D)
  6 liches (D)
  2 hydras (D)
  81 orcs (D)
  A phantom (D)
  6 hill giants (D)
  4 skeletal warriors (D)
  A sea snake (D)
  5 large abominations (D)
  9 small abominations (D)
  12 crawling corpses (D)
187 creatures vanquished.

Vanquished Creatures (others)
  2 ogres (D)
  3 orcs (D)
  4 crawling corpses (D)
9 creatures vanquished.

Grand Total: 196 creatures vanquished

Notes
Turn   | Place    | Note
-------+----------+-------------------------------------------
     0 | D        | Larett the Centaur Warper began the quest for the Orb.
     0 | D        | Reached XP level 1. HP: 17/17 MP: 3/3
     3 | D        | Noticed a bag of meat
     3 | D        | Noticed a bag of meat
     3 | D        | Killed a bag of meat
     3 | D        | Reached skill level 12 in Fighting
     3 | D        | Reached skill level 11 in Axes
     3 | D        | Reached skill level 13 in Throwing
     3 | D        | Reached skill level 9 in Armour
     3 | D        | Reached skill level 9 in Dodging
     3 | D        | Reached skill level 9 in Spellcasting
     3 | D        | Reached XP level 2. HP: 42/42 MP: 3/12
     3 | D        | Reached XP level 3. HP: 49/49 MP: 3/14
     3 | D        | Reached XP level 4. HP: 57/57 MP: 3/15
     3 | D        | Reached XP level 5. HP: 63/63 MP: 3/17
     3 | D        | Reached XP level 6. HP: 71/71 MP: 3/18
     3 | D        | Reached XP level 7. HP: 78/78 MP: 3/20
     3 | D        | Reached XP level 8. HP: 84/84 MP: 3/21
     3 | D        | Reached XP level 9. HP: 91/91 MP: 3/22
     3 | D        | Reached XP level 10. HP: 99/99 MP: 3/23
     3 | D        | Reached XP level 11. HP: 105/105 MP: 3/24
     4 | D        | Noticed a bag of meat
     5 | D        | Became a worshipper of Makhleb the Destroyer
     7 | D        | Noticed a bag of meat
     8 | D        | Noticed a bag of meat
     8 | D        | Noticed a bag of meat
     8 | D        | Noticed a bag of meat
     8 | D        | Noticed a meat berserker
     8 | D        | Noticed a meat berserker
    10 | D        | Killed a bag of meat
    10 | D        | Reached skill level 18 in Axes
    10 | D        | Reached XP level 12. HP: 113/113 MP: 4/25
    11 | D        | Killed a bag of meat
    11 | D        | Reached * piety under Makhleb
    11 | D        | Reached skill level 22 in Axes
    11 | D        | Reached XP level 13. HP: 119/119 MP: 4/26
    12 | D        | Noticed a meat berserker
    14 | D        | Noticed a bag of meat
    15 | D        | Noticed a meat berserker
    15 | D        | Noticed a bag of meat
    16 | D        | Noticed a bag of meat
    16 | D        | Noticed a bag of meat
    16 | D        | Noticed a bag of meat
    17 | D        | Noticed a bag of meat
    17 | D        | Noticed a bag of meat
    17 | D        | Noticed a destroyer
    17 | D        | Noticed a bag of meat
    17 | D        | Noticed a bag of meat
    17 | D        | Noticed a meat berserker
    17 | D        | Noticed a bag of meat
    18 | D        | Noticed a bag of meat
    18 | D        | Noticed a meat berserker
    18 | D        | Noticed a bag of meat
    18 | D        | Noticed a meat berserker
    19 | D        | Noticed a bag of meat
    19 | D        | Noticed a destroyer
    19 | D        | Noticed a bag of meat
    19 | D        | Noticed a meat berserker
    19 | D        | Noticed a bag of meat
    20 | D        | Noticed a bag of meat
    20 | D        | Killed a meat berserker
    20 | D        | Reached skill level 27 in Axes
    20 | D        | Reached skill level 13 in Fighting
    20 | D        | Reached XP level 14. HP: 63/129 MP: 5/27
    20 | D        | Killed a bag of meat
    20 | D        | Reached skill level 18 in Fighting
    20 | D        | Reached XP level 15. HP: 135/150 MP: 5/28
    20 | D        | Killed a destroyer
    20 | D        | Reached ** piety under Makhleb
    20 | D        | Reached skill level 26 in Fighting
    20 | D        | Reached XP level 16. HP: 164/182 MP: 5/29
    21 | D        | Noticed a meat berserker
    21 | D        | Reached skill level 27 in Fighting
    21 | D        | Reached skill level 14 in Dodging
    21 | D        | Killed a meat berserker
    21 | D        | Reached skill level 19 in Dodging
    21 | D        | Reached XP level 17. HP: 191/191 MP: 6/30
    22 | D        | Killed a meat berserker
    22 | D        | Reached *** piety under Makhleb
    22 | D        | Reached skill level 23 in Dodging
    22 | D        | Reached skill level 25 in Dodging
    23 | D        | Killed a meat berserker
    23 | D        | Reached skill level 27 in Dodging
    23 | D        | Reached skill level 14 in Invocations
    23 | D        | Reached XP level 18. HP: 200/200 MP: 6/31
    24 | D        | Reached **** piety under Makhleb
    24 | D        | Reached skill level 20 in Invocations
    24 | D        | Killed a meat berserker
    24 | D        | Reached skill level 26 in Invocations
    24 | D        | Reached skill level 27 in Invocations
    24 | D        | Reached skill level 14 in Unarmed Combat
    24 | D        | Reached XP level 19. HP: 207/207 MP: 6/36
    24 | D        | Reached skill level 19 in Unarmed Combat
    24 | D        | Killed a meat berserker
    24 | D        | Reached ***** piety under Makhleb
    24 | D        | Reached skill level 25 in Unarmed Combat
    26 | D        | Noticed a destroyer
    27 | D        | Killed a destroyer
    27 | D        | Reached skill level 27 in Unarmed Combat
    27 | D        | Reached skill level 23 in Throwing
    27 | D        | Reached XP level 20. HP: 216/216 MP: 7/37
    27 | D        | Reached skill level 26 in Throwing
    29 | D        | Killed a destroyer
    29 | D        | Reached skill level 27 in Throwing
    29 | D        | Reached skill level 19 in Armour
    29 | D        | Reached skill level 21 in Armour
    29 | D        | Reached XP level 21. HP: 224/224 MP: 7/38
    34 | D        | Reached skill level 23 in Armour
    34 | D        | Reached skill level 24 in Armour
    34 | D        | Reached ****** piety under Makhleb
    34 | D        | Reached skill level 26 in Armour
    36 | D        | Reached skill level 27 in Armour
    36 | D        | Reached skill level 12 in Stealth
    36 | D        | Reached skill level 15 in Stealth
    36 | D        | Reached skill level 18 in Stealth
    36 | D        | Reached XP level 22. HP: 233/233 MP: 8/39
    36 | D        | Reached skill level 21 in Stealth
    37 | D        | Noticed a destroyer
    37 | D        | Reached skill level 24 in Stealth
    38 | D        | Reached skill level 26 in Stealth
    39 | D        | Reached skill level 27 in Stealth
    39 | D        | Reached skill level 11 in Spellcasting
    39 | D        | Reached skill level 15 in Spellcasting
    39 | D        | Reached XP level 23. HP: 240/240 MP: 9/42
    40 | D        | Killed a destroyer
    40 | D        | Reached skill level 22 in Spellcasting
    41 | D        | Reached skill level 23 in Spellcasting
    41 | D        | Reached skill level 25 in Spellcasting
    42 | D        | Reached skill level 27 in Spellcasting
    42 | D        | Reached XP level 24. HP: 249/249 MP: 9/54
    45 | D        | Reached XP level 25. HP: 257/257 MP: 10/54
    46 | D        | Noticed an accursed
    47 | D        | Noticed a destroyer
    53 | D        | Killed a destroyer
    53 | D        | Reached XP level 26. HP: 266/266 MP: 12/54
    55 | D        | Noticed an accursed
    55 | D        | Noticed an accursed
    55 | D        | Noticed a tyrant
    55 | D        | Noticed an accursed
    55 | D        | Noticed a tyrant
    56 | D        | Noticed a tyrant
    56 | D        | Noticed an accursed
    56 | D        | Killed a tyrant
    61 | D        | Noticed a dread
    62 | D        | Killed an accursed
    62 | D        | Reached XP level 27. HP: 158/273 MP: 14/54
    64 | D        | Noticed an accursed
    66 | D        | Noticed a tyrant
    66 | D        | Noticed The Servant
    68 | D        | Noticed a tyrant
    69 | D        | Noticed a dread
    69 | D        | Killed an accursed
    70 | D        | Killed a tyrant
    71 | D        | Noticed a meat beast
    76 | D        | Killed a meat beast
    76 | D        | Killed a tyrant
    76 | D        | Killed The Servant
    78 | D        | Killed a tyrant
    79 | D        | Killed a dread
    92 | D        | Noticed a dread
    93 | D        | Noticed a meat beast
    93 | D        | Noticed a meat beast
    97 | D        | Noticed a destroyer
    98 | D        | Noticed a meat beast
    99 | D        | Noticed a tyrant
    99 | D        | Killed a meat beast
   101 | D        | Killed a meat beast
   106 | D        | Killed a meat beast
   111 | D        | Noticed an accursed
   111 | D        | Killed a tyrant
   112 | D        | Noticed a tyrant
   113 | D        | Noticed a meat beast
   114 | D        | Noticed a dread
   116 | D        | Killed a dread
   117 | D        | Noticed a meat beast
   120 | D        | Noticed a destroyer
   120 | D        | Killed an accursed
   123 | D        | Noticed a meat beast
   123 | D        | Noticed a tyrant
   124 | D        | Noticed a meat beast
   130 | D        | Killed a meat beast
   130 | D        | Killed a destroyer
   131 | D        | Noticed a destroyer
   134 | D        | Noticed a dread
   136 | D        | Killed a destroyer
   137 | D        | Noticed a destroyer
   137 | D        | HP: 51/273 [??? (49)]
   138 | D        | Noticed a destroyer
   140 | D        | Noticed a destroyer
   140 | D        | HP: 23/273 [??? (20)]
   143 | D        | Killed a meat beast
   143 | D        | Killed a destroyer
   144 | D        | Killed a destroyer
   146 | D        | Killed a tyrant
   146 | D        | Killed a dread
   146 | D        | Killed a destroyer
   147 | D        | Noticed a meat beast
   147 | D        | Noticed a fleshlord
   147 | D        | Noticed an accursed
   147 | D        | Noticed a destroyer
   149 | D        | Noticed a meat beast
   150 | D        | Killed a destroyer
   152 | D        | Noticed a fleshlord
   152 | D        | Killed a meat beast
   153 | D        | Noticed a tyrant
   153 | D        | HP: 54/273 [poisoned by a scourge (bolt of poison)]
   153 | D        | Killed from afar by a scourge

Skill      XL: |  1  2  3  4  5  6  7  8  9 10 11 12 13 14 15 16 17 18 19 20 21 22 23 |
---------------+----------------------------------------------------------------------+-----
Fighting       | 12 13 18 26 27 | 27.0
Axes           | 11 18 22 27 | 27.0
Throwing       | 13 23 27 | 27.0
Armour         | 9 21 27 | 27.0
Dodging        | 9 19 27 | 27.0
Spellcasting   | 9 15 27 | 27.0
Invocations    | 14 27 | 27.0
Unarmed Combat | 14 27 | 27.0
Stealth        | 18 27 | 27.0
Translocations | |  2.6

Action                   |  1- 3 |  4- 6 |  7- 9 | 10-12 | 13-15 | 16-18 | 19-21 | 22-24 | 25-27 || total
-------------------------+-------+-------+-------+-------+-------+-------+-------+-------+-------++-------
Melee: Executioner's axe |     1 |       |       |     2 |     1 |     4 |     4 |     9 |    61 ||    82
Invok: Greater Servant o |       |       |       |       |       |       |       |       |     3 ||     3
  Use: Scroll            |       |       |       |       |       |       |     1 |       |     1 ||     2
       Potion            |       |       |       |       |       |       |       |       |     1 ||     1
 Stab: Distracted        |       |       |       |       |       |       |       |       |     1 ||     1
Armor: Leather armour    |       |       |       |       |       |       |       |       |     1 ||     1
Dodge: Dodged            |       |       |       |       |       |       |     2 |       |    19 ||    21
